 Dungeon Crawl Stone Soup version 0.31-a0-18-gea43df2a32 (console) character file.

Game seed: 17532386862321239830

130 petzl the Sneak (level 5, 0/41 HPs)
             Began as a Formicid Delver on May 10, 2023.
             Slain by Grinder (6 damage)
             ... on level 3 of the Dungeon.
             The game lasted 00:05:58 (2664 turns).

petzl the Sneak (Formicid Delver)                   Turns: 2664, Time: 00:05:58

Health: 0/41       AC: 10    Str: 17    XL:     5   Next: 36%
Magic:  9/9        EV: 11    Int: 11    God:
Gold:   185        SH:  4    Dex: 15    Spells: 10/10 levels left

rFire   . . .        b - +0 mace (protect)
rCold   . . .        l - +0 buckler
rNeg    . . .        h - +0 leather armour
rPois   .            (helmet unavailable)
rElec   .            (no cloak)
rCorr   .            (no gloves)
SInv    +            (no boots)
Will    .....        (no amulet)
Stlth   +++          (no ring)
HPRegen 0.26/turn    (no ring)
MPRegen 0.11/turn

%: no passive effects
@: under a protective aura
A: permanent stasis, dig shafts and tunnels, antennae 3, four strong arms
a: Dig, Shaft Self


You were on level 3 of the Dungeon.
You visited 1 branch of the dungeon, and saw 6 of its levels.

You collected 185 gold pieces.

Inventory:

Hand Weapons
 a - a +0 sling
 b - a +0 mace of protection (weapon)
Missiles
 j - 10 poisoned darts
Armour
 h - a +0 leather armour (worn)
 l - a +0 buckler (worn)
Jewellery
 t - a +5 ring of evasion
Wands
 f - a wand of digging (3)
Scrolls
 c - a scroll of fog
 d - 3 scrolls of magic mapping
 e - 2 scrolls of fear
 k - 3 scrolls of identify {unknown}
 o - a scroll of silence {unknown}
 q - a scroll of amnesia {unknown}
 r - a scroll of immolation {unknown}
Potions
 g - 4 potions of curing {unknown}
 i - 3 potions of heal wounds {unknown}
 m - a potion of berserk rage {unknown}
 n - 3 potions of mutation {unknown}
 p - 2 potions of cancellation {unknown}
 s - 2 potions of brilliance {unknown}
 u - 2 potions of invisibility {unknown}
 v - a potion of magic {unknown}
 w - a potion of attraction {unknown}


   Skills:
 + Level 3.5 Fighting
 - Level 2.0 Maces & Flails
 + Level 0.7 Ranged Weapons
 + Level 1.2 Armour
 - Level 1.7 Dodging
 + Level 6.2 Stealth
 + Level 1.7 Shields
 + Level 3.1 Spellcasting
 * Level 1.4 Evocations


You had 10 spell levels left.
You didn't know any spells.
Your spell library was empty.

Dungeon Overview and Level Annotations

Branches:
Dungeon (6/15)
 Temple: D:4-7

Altars:
Cheibriados
Nemelex Xobeh
Qazlal
Yredelemnul

Annotations:
D:3 Grinder, Ijyb, Terence
D:4 Edmund
D:5 exclusion: downstairs


Innate Abilities, Weirdness & Mutations

You cannot be hasted, slowed, berserked, paralysed or teleported.
You can dig through walls and to a lower floor.
You have a pair of large antennae on your head. (SInv)
Your four strong arms can wield two-handed weapons with a shield.


Message History

a - a +0 sling (weapon)
A frilled lizard comes into view.
You shoot a sling bullet.
The sling bullet hits the frilled lizard.
You kill the frilled lizard!
No target in view!
No target in view!
No target in view!
A bat comes into view.
A bat is nearby!
You shoot a sling bullet.
The sling bullet completely misses the bat.
Grinder comes into view.
You shoot a sling bullet.
Grinder shouts!
The sling bullet hits the bat.
You kill the bat!
You shoot a sling bullet. The sling bullet barely misses Grinder.
You shoot a sling bullet.
The sling bullet closely misses Grinder.
Grinder blinks!
Your +0 mace of protection hums with potential!
b - a +0 mace of protection (weapon)
You hit Grinder.
Your weapon exudes an aura of protection.
Grinder is lightly wounded.
Grinder hits you!
You writhe in agony.
Grinder closely misses you.
You sock Grinder!
Grinder is moderately wounded.
Grinder hits you.
You writhe in agony.
You closely miss Grinder.
Grinder is moderately wounded.
Grinder hits you but does no damage.
You barely miss Grinder.
Grinder is moderately wounded.
Grinder gestures at you. Pain shoots through your body! Grinder hits you!
* * * LOW HITPOINT WARNING * * *
You writhe in agony.
You die...

####.....##....#
##...###.......#
#..####....<.### ..##
#..####.#
#########################
8.♣.8.♣.♣.8.8.♣.♣.♣.♣.♣.##
........................)#
♣.♣.8.♣.♣.♣.8.8.♣.8.♣.♣..#
########################.#
# #...# # ###########.###
.............#
.........##### ........>#
.........# .........#
.........# ........5#
.......@.# .........#
.........# .........#
.?..$....# .........#
#.....†.## { .........


You could see Grinder.

Vanquished Creatures
  8 adders
  3 orcs (D:4)
  8 bats
  3 endoplasms
  4 giant cockroaches
  8 goblins
  2 hobgoblins
  5 quokkas
  4 ball pythons
  5 frilled lizards
  7 kobolds (D:2)
  A rat (D:3)
58 creatures vanquished.

Notes
Turn   | Place    | Note
-------+----------+-------------------------------------------
     0 | D:5      | petzl the Formicid Delver began the quest for the Orb.
     0 | D:5      | Reached XP level 1. HP: 18/18 MP: 1/1
     1 | D:5      | Noticed a lemure
     1 | D:5      | Noticed a lemure
    23 | D:5      | Reached skill level 1 in Spellcasting
    23 | D:5      | Reached XP level 2. HP: 23/24 MP: 1/4
    69 | D:6      | Noticed a scorpion
   291 | D:4      | Found a basalt altar of Yredelemnul.
   386 | D:4      | Found a sparkling altar of Nemelex Xobeh.
   386 | D:4      | Noticed Edmund
   520 | D:3      | Reached XP level 3. HP: 19/29 MP: 7/7
   753 | D:3      | Found a stormy altar of Qazlal.
   785 | D:3      | Found a snail-covered altar of Cheibriados.
   786 | D:3      | Noticed Ijyb
   844 | D:3      | Reached XP level 4. HP: 35/35 MP: 8/8
   885 | D:3      | Reached skill level 1 in Evocations
   939 | D:3      | Reached skill level 1 in Shields
  1269 | D:2      | Reached XP level 5. HP: 41/41 MP: 9/9
  1766 | D:1      | Reached skill level 1 in Armour
  2408 | D:3      | Noticed Terence
  2419 | D:3      | You fall into a shaft and drop 2 floors!
  2656 | D:3      | Noticed Grinder
  2664 | D:3      | Slain by Grinder

Illustrated notes

Levels and vault maps discovered:
D:1:      dpeg_arrival_line_fractal, layout_basic
D:2:      layout_basic, palyth_stone_intersect, minmay_between
D:3:      layout_rooms, mainiacjoe_overflow_two_lobes,
          hellmonk_ecumenical_altar_the_god_not_taken, chequers_avenue,
          nicolae_half_adder, uniq_terence, uniq_grinder, uniq_ijyb
D:4:      layout_layer_cave, xom_butterflies, mainiacjoe_overflow_brackets,
          nicolae_uskayaw_dance_hall, nicolae_overflow_crystal_walls,
          uniq_edmund, uniq_blork_the_orc, uniq_sigmund, uniq_robin
D:5:      layout_basic, minmay_temple_entry_enclosed_plants,
          guppyfry_shop_venom, uniq_pikel
D:6:      layout_rooms, overflow_temple_1_default,
          nicolae_overflow_hidden_temple, uniq_crazy_yiuf_cottage

Skill      XL: |  1  2  3  4  5 |
---------------+----------------+-----
Spellcasting   | 1 2 3 |  3.1
Evocations     | 1 |  1.4
Shields        | 1 |  1.7
Armour         | 1 |  1.2
Fighting       | |  3.5
Maces & Flails | |  2.0
Ranged Weapons | |  0.7
Dodging        | |  1.7
Stealth        | |  6.2

Action                     |  1- 3 |  4- 6 || total
---------------------------+-------+-------++-------
  Melee: Mace              |    62 |    13 ||    75
   Fire: Sling             |     6 |   103 ||   109
Ability: Shaft Self        |       |     1 ||     1
   Stab: Sleeping          |       |     1 ||     1
 Armour: Leather armour    |    43 |    12 ||    55
  Dodge: Dodged            |    52 |    29 ||    81
  Block: Buckler           |     2 |    13 ||    15

Table legend: (Time is in decaauts)
 A = Elapsed time spent in this place.
 B = Non-inter-level travel time spent in this place.
 C = Inter-level travel time spent in this place.
 D = Time resting spent in this place.
 E = Time spent auto-exploring this place.
 F = Levels seen in this place.
 G = Mean time per level.
                   A        B        C        D        E       F      G
               +--------+--------+--------+--------+--------+-----+--------+
         Total |   2727 |   2532 |    195 |    249 |   1671 |   6 |  454.5 |
       Dungeon |   2727 |   2532 |    195 |    249 |   1671 |   6 |  454.5 |
               +--------+--------+--------+--------+--------+-----+--------+

Top non-repeatable levels by time:
     D:2: 745 daAuts
     D:3: 668 daAuts
     D:1: 611 daAuts
     D:5: 358 daAuts
     D:4: 340 daAuts
     D:6: 3 daAuts
